 Dungeon Crawl Stone Soup version 0.29.1-2-gbd0b4ee654 (webtiles) character file.

Game seed: 1287409063306496172

39 qeuew the Trooper (level 3, 0/29 HPs)
             Began as a Demonspawn Abyssal Knight on Nov 15, 2022.
             Was a Priest of Lugonu.
             Slain by a goblin
             ... wielding a +0 club
             ... led by Robin
              (6 damage)
             ... on level 2 of the Dungeon.
             The game lasted 00:01:28 (1138 turns).

qeuew the Trooper (Demonspawn Abyssal Knight)       Turns: 1138, Time: 00:01:28

Health: 0/29       AC: 10    Str: 13    XL:     3   Next: 26%
Magic:  5/5        EV: 10    Int: 11    God:    Lugonu [***...]
Gold:   68         SH:  5    Dex: 15    Spells: 2/2 levels left

rFire   . . .      SeeInvis .   a - +1 hand axe
rCold   . . .      Faith    .   (no shield)
rNeg    . . .      Spirit   .   l - +0 ring mail
rPois   .          Reflect  +   (helmet restricted)
rElec   .          Harm     .   (no cloak)
rCorr   .          Rampage  .   h - +2 pair of gloves
Will    .....                   (no boots)
Stlth   +.........              c - amulet of reflection
HPRegen 0.09/turn               (no ring)
MPRegen 0.09/turn               (no ring)

@: no status effects
A: antennae 1, icy blue scales 1
a: Renounce Religion, Depart the Abyss, Bend Space, Banish


You were on level 2 of the Dungeon.
You worshipped Lugonu.
Lugonu was most pleased with you.
You visited 1 branch of the dungeon, and saw 2 of its levels.
You visited the Abyss 1 time.

You collected 68 gold pieces.

Inventory:

Hand Weapons
 a - a +1 hand axe (weapon)
Armour
 h - a +2 pair of gloves (worn)
 l - a +0 ring mail (worn)
Jewellery
 c - an amulet of reflection (around neck)
Scrolls
 b - a scroll of enchant weapon {unknown}
 e - a scroll of poison {unknown}
Potions
 d - a potion of curing {unknown}


   Skills:
 + Level 3.3 Fighting
 + Level 2.2 Axes
 + Level 2.1 Armour
 + Level 1.4 Dodging
 + Level 3.0 Invocations


You had 2 spell levels left.
You didn't know any spells.
Your spell library contained the following spells:

 Spells                   Type           Power      Damage    Failure   Level
 Call Canine Familiar     Summ           0%         N/A       92%         3
 Portal Projectile        Hex/Tloc       0%         N/A       92%         3
 Leda's Liquefaction      Hex/Erth       0%         N/A       100%        4


Dungeon Overview and Level Annotations

Branches:
Dungeon (2/15)

Altars:

Annotations:
D:2 Robin


Innate Abilities, Weirdness & Mutations

You have a pair of small antennae on your head.
You are partially covered in icy blue scales. (AC +2)


Message History

You barely miss the goblin. You barely miss the hobgoblin.
You closely miss the goblin. The goblin barely misses you.
The hobgoblin completely misses you. The goblin misses you.
The goblin unwields a +0 sling.
The goblin wields a +0 club.
The goblin barely misses you.
Unknown command.
You closely miss the goblin. You hit the hobgoblin but do no damage.
You closely miss the goblin. You hit the goblin.
The goblin hits you with a +0 dagger.
The hobgoblin hits you but does no damage.
The goblin barely misses you.
Robin laughs in a distinctly smug fashion.
Robin roars a battlecry!
The goblins go into a battle-frenzy!
The goblin hits you with a +0 club.
You barely miss the goblin. You hit the hobgoblin. You barely miss the goblin.
You hit the goblin.
You kill the goblin!
Lugonu accepts your kill. Robin throws the goblin at you!
The hobgoblin barely misses you. The goblin barely misses you.
The goblin hits you but does no damage.
The goblin shouts!
A frilled lizard comes into view.
The frilled lizard hisses angrily.
You hit the hobgoblin.
You kill the hobgoblin!
Lugonu accepts your kill.
You completely miss the goblin. You barely miss the goblin.
You closely miss the goblin.
Robin says, "Feeling lonely?"
The goblin hits you but does no damage. You block the goblin's attack.
The frilled lizard moves out of view.
You hit Robin.
Robin is heavily wounded.
You completely miss the goblin. You barely miss the goblin. You hit the goblin.
The goblin hits you with a +0 club.
* * * LOW HITPOINT WARNING * * *
Robin hits you but does no damage. The goblin hits you but does no damage.
The goblin hits you with a +0 club.
You die...

#.# #.#
#.####
#.l..#
#§Z§.#
#gl§§#
#gg§.#
##@g§§#
#g)####
#.##
###.#
#...#
#.###
#.# ##.#
#####..#


You could see Robin, 4 goblins and a frilled lizard.

Vanquished Creatures
  An adder (D:2)
  2 ball pythons
  2 giant cockroaches
  8 goblins
  4 hobgoblins
  2 quokkas
  3 bats (D:1)
  A frilled lizard (D:2)
  A kobold (D:2)
  A rat (D:1)
25 creatures vanquished.

Vanquished Creatures (others)
  4 withered plants (D:2)
4 creatures vanquished.

Grand Total: 29 creatures vanquished

Notes
Turn   | Place    | Note
-------+----------+-------------------------------------------
     0 | Abyss:1  | qeuew the Demonspawn Abyssal Knight began the quest for the
                  | Orb.
     0 | Abyss:1  | Reached XP level 1. HP: 18/18 MP: 2/2
     1 | D:1      | Escaped the Abyss
   113 | D:1      | Reached skill level 1 in Dodging
   202 | D:1      | Gained mutation: You are partially covered in icy blue
                  | scales. (AC +2) [demonic ancestry]
   202 | D:1      | Reached XP level 2. HP: 21/24 MP: 4/4
  1082 | D:2      | Gained mutation: You have a pair of small antennae on your
                  | head. [demonic ancestry]
  1082 | D:2      | Reached XP level 3. HP: 29/29 MP: 5/5
  1132 | D:2      | Noticed Robin
  1133 | D:2      | Reached *** piety under Lugonu
  1138 | D:2      | Slain by a goblin

Illustrated notes

Levels and vault maps discovered:
D:1:      shiori_arrival_elements, layout_basic
D:2:      layout_basic, serial_shops, nicolae_shop_hallway_stairs,
          serial_undead, serial_undead_e, serial_undead_e, serial_undead_d,
          serial_undead_e, uniq_robin

Skill      XL: |  1  2 |
---------------+-------+-----
Dodging        | 1 |  1.4
Axes           | 2 |  2.2
Armour         | 2 |  2.1
Invocations    | 3 |  3.0
Fighting       | |  3.3

Action                   || total
-------------------------++-------
Melee: Hand axe          ||    61
  Use: Potion            ||     4
       Scroll            ||     2
Armor: Leather armour    ||    13
       Ring mail         ||    23
Dodge: Dodged            ||    45
Block: Other             ||    11
